Canucks vs Flyers
Created - March 9, 2021 at 21:29
Goals
|
Canucks |
0 |
0 |
2 |
2 |
Flyers |
1 |
2 |
2 |
5 |
|
Shots
|
Canucks |
13 |
7 |
16 |
36 |
Flyers |
8 |
7 |
10 |
25 |
|
1st period
1. Flyers , Jeff Carter 22 (J.T. Miller 26) at 18:27
Penalties :
Spencer Machacek (Van) for Hooking (Minor) at 6:51, Jason Akeson (Van) for Holding (Minor) at 13:04, Kurtis Foster (Van) for Holding (Minor) at 18:40
2nd period
2. Flyers , Oliver Ekman-Larsson 1 (Jeff Carter 38, Steve Mason) at 0:25 (PP)
3. Flyers , Drew Miller 23 (Marcus Kruger 26, Oliver Ekman-Larsson 17) at 1:35
Penalties :
Erik Christensen (Phi) for Interference (Minor) at 4:32, Jeff Carter (Phi) for Interference (Minor) at 4:55, Daniel Sedin (Van) for Hooking (Minor) at 7:52, J.T. Miller (Phi) for Roughing (Minor) at 11:57
3rd period
4. Canucks , Robert Nilsson 34 (Loui Eriksson 19, Tyler Toffoli 32) at 0:38 (PP)
5. Flyers , Dylan Olsen 2 (Erik Christensen 12, Brock Nelson 11) at 3:56
6. Canucks , Tyler Toffoli 27 (Robert Nilsson 36) at 14:51 (SH)
7. Flyers , Marcus Kruger 14 (Drew Miller 28, Jordan Nolan 35) at 15:15 (PP)
Penalties :
Oliver Ekman-Larsson (Phi) for Tripping (Minor) at 0:22, Jeff Carter (Phi) for High sticking (Minor) at 1:18, Loui Eriksson (Van) for Hooking (Minor) at 3:59, Jeff Woywitka (Phi) for Roughing (Minor) at 8:47, Seth Helgeson (Van) for High sticking (Minor) at 14:33, Jeff Carter (Phi) for Roughing (Minor) at 15:16
Goalie Stats
Kari Lehtonen (Van), 14 saves from 18 shots - (0.778), L, 17-14-2, 43:56 minutes
Braden Holtby (Van), 6 saves from 7 shots - (0.857), 16:04 minutes
Steve Mason (Phi), 34 saves from 36 shots - (0.944), W, 23-22-6, 60:00 minutes
Players Stats for Canucks
Player Name G A P +/- PIM S H SB GA TA FO MP PP MP PK MP
------------------------------------------------------------------------------------
Brandon Sutter 0 0 0 0 0 2 2 0 1 0 8/11 16:47 3:53 3:22
Daniel Sedin 0 0 0 0 2 2 1 0 0 0 2/2 13:56 3:53 0:45
Drew Fata 0 0 0 -1 0 2 0 3 2 2 0/0 30:41 7:34 5:53
James Wright 0 0 0 -2 0 0 0 1 0 0 1/5 11:48 0:00 1:26
Jason Akeson 0 0 0 -2 2 3 0 0 0 0 0/0 10:21 0:00 0:00
Jeremy Morin 0 0 0 0 0 4 1 0 0 0 0/0 13:11 3:53 0:00
Jonathan Blum 0 0 0 0 0 0 0 0 0 0 0/0 9:59 0:00 0:00
Kurtis Foster 0 0 0 -1 2 0 1 2 0 3 0/0 29:51 7:34 5:04
Lane MacDermid 0 0 0 0 0 0 0 0 0 0 0/0 7:09 0:00 0:20
Loui Eriksson 0 1 1 -1 2 5 2 0 1 0 1/2 21:34 6:41 2:21
Mike Komisarek 0 0 0 -1 0 2 1 0 1 0 0/0 18:51 3:00 4:01
Robert Nilsson 1 1 2 0 0 7 1 0 1 0 27/53 25:17 6:41 6:16
Ryane Clowe 0 0 0 -2 0 1 0 0 1 0 0/0 10:22 0:00 0:00
Sergey Kalinin 0 0 0 0 0 0 2 0 0 0 1/2 6:49 0:00 0:00
Seth Helgeson 0 0 0 -2 2 1 1 0 0 0 0/0 18:32 3:00 3:43
Spencer Machacek 0 0 0 0 2 1 1 0 0 0 0/0 7:02 0:00 0:00
Tyler Toffoli 1 1 2 0 0 6 1 1 1 0 1/1 25:17 6:41 6:16
Wiley Sherman 0 0 0 1 0 0 0 0 0 0 0/0 12:04 0:00 2:05
Players Stats for Flyers
Player Name G A P +/- PIM S H SB GA TA FO MP PP MP PK MP
------------------------------------------------------------------------------------
Brian Lashoff 0 0 0 0 0 0 0 1 0 1 0/0 11:42 0:00 0:55
Brock Nelson 0 1 1 1 0 2 1 0 0 0 0/0 7:05 0:06 0:52
Chris Mcallister 0 0 0 0 0 4 2 0 0 0 0/0 12:14 0:32 2:36
Drew Miller 1 1 2 0 0 3 0 1 0 0 1/1 15:40 4:18 0:00
Dylan Olsen 1 0 1 1 0 1 0 2 0 0 0/0 3:54 0:00 0:26
Erik Christensen 0 1 1 1 2 0 0 0 0 0 5/10 14:32 0:00 3:54
J.T. Miller 0 1 1 1 2 2 1 1 1 0 0/1 22:10 5:19 4:43
Jakub Voracek 0 0 0 1 0 1 2 0 3 0 0/0 18:15 5:29 0:40
Jeff Carter 1 1 2 2 6 2 2 0 0 1 22/49 25:14 5:29 2:54
Jeff Woywitka 0 0 0 1 2 1 0 0 0 3 0/0 26:28 6:21 5:09
Jonathan Ericsson 0 0 0 0 0 0 2 0 0 0 0/0 18:35 4:02 4:20
Jordan Nolan 0 1 1 0 0 3 1 0 0 0 6/14 20:20 4:22 3:52
Marcus Kruger 1 1 2 0 0 3 0 0 0 0 1/1 15:44 4:22 0:00
Mats Zuccarello 0 0 0 0 0 0 1 0 1 1 0/0 10:17 0:48 0:00
Matt Smaby 0 0 0 0 0 0 1 2 0 1 0/0 18:35 4:02 4:20
Nathan Beaulieu 0 0 0 0 0 1 1 1 0 0 0/0 12:33 0:00 0:26
Oliver Ekman-Larsson 1 1 2 2 2 2 2 0 0 1 0/0 28:35 6:21 5:32
Tyler Randell 0 0 0 0 0 0 1 0 0 0 0/0 5:50 0:24 0:00
3 Stars
1 - Oliver Ekman-Larsson (Phi)
2 - Steve Mason (Phi)
3 - Drew Miller (Phi)
Power Play
Canucks - 1 on 7 Attempt(s) - 14.29%
Flyers - 2 on 6 Attempt(s) - 33.33%
Penalty Kill
Canucks - 4 on 6 Attempt(s) - 66.67%
- Score 1 goal in Penalty Kill
Flyers - 6 on 7 Attempt(s) - 85.71%
- Score 0 goal in Penalty Kill
Team Stat
Canucks - Hits : 14 - Faceoff Wins : 41 - Blocked Shots : 7 - Penalty Minutes : 12
Flyers - Hits : 17 - Faceoff Wins : 35 - Blocked Shots : 8 - Penalty Minutes : 14
Official
Referees : Unknown
Linesman : Unknown
Game Notes
Braden Holtby enters game at 3:56 of 3rd period
Finance
Level 1 -- Attendance: 4292 (71.53%) -- Ticket Income $536,500
Level 2 -- Attendance: 3851 (77.02%) -- Ticket Income $288,825
Level 3 -- Attendance: 1439 (71.95%) -- Ticket Income $71,950
Level 4 -- Attendance: 2310 (57.75%) -- Ticket Income $92,400
Luxury Box -- Attendance: 635 (63.50%) -- Ticket Income $158,750
Game was played at the Wells Fargo Center.
Total Attendance: 12527 (69.59%)
Total Ticket Income: $1,148,425
Other Income: $172,264
Total Income: $1,320,689
Canucks
5 vs 5 Forward
Center Left Wing Right Wing Time % Phy DF OF
1 Robert Nilsson Loui Eriksson Tyler Toffoli 40 1 2 2
2 Brandon Sutter Daniel Sedin Jeremy Morin 30 1 2 2
3 James Wright Ryane Clowe Jason Akeson 20 1 2 2
4 Sergey Kalinin Lane MacDermid Spencer Machacek 10 1 2 2
5 vs 5 Defense
Defense Defense Time % Phy DF OF
1 Drew Fata Kurtis Foster 40 1 2 2
2 Seth Helgeson Mike Komisarek 30 1 2 2
3 Jonathan Blum Wiley Sherman 20 1 2 2
4 Drew Fata Kurtis Foster 10 1 2 2
PowerPlay Forward
Center Left Wing Right Wing Time % Phy DF OF
1 Robert Nilsson Loui Eriksson Tyler Toffoli 60 1 2 2
2 Brandon Sutter Daniel Sedin Jeremy Morin 40 1 2 2
PowerPlay Defense
Defense Defense Time % Phy DF OF
1 Drew Fata Kurtis Foster 60 1 2 2
2 Seth Helgeson Mike Komisarek 40 1 2 2
Penalty Kill 4 Players Forward
Center Wing Time % Phy DF OF
1 Robert Nilsson Tyler Toffoli 60 1 2 2
2 Brandon Sutter Loui Eriksson 40 1 2 2
Penalty Kill 4 Players Defense
Defense Defense Time % Phy DF OF
1 Drew Fata Kurtis Foster 60 1 2 2
2 Seth Helgeson Mike Komisarek 40 1 2 2
Penalty Kill - 3 Players Forward
Forward Time % Phy DF OF
1 Robert Nilsson 60 1 2 2
2 Tyler Toffoli 40 1 2 2
Penalty Kill - 3 Players Defense
Defense Defense Time % Phy DF OF
1 Drew Fata Kurtis Foster 60 1 2 2
2 Seth Helgeson Mike Komisarek 40 1 2 2
4 vs 4 Forward
Center Wing Time % Phy DF OF
1 Robert Nilsson Tyler Toffoli 60 1 2 2
2 Brandon Sutter Loui Eriksson 40 1 2 2
4 vs 4 Defense
Defense Defense Time % Phy DF OF
1 Drew Fata Kurtis Foster 60 1 2 2
2 Seth Helgeson Mike Komisarek 40 1 2 2
Last Minutes Offensive
Center Left Wing Right Wing Defense Defense
Robert Nilsson Loui Eriksson Tyler Toffoli Drew Fata Kurtis Foster
Last Minutes Defensive
Center Left Wing Right Wing Defense Defense
Robert Nilsson Loui Eriksson Tyler Toffoli Drew Fata Kurtis Foster
Goaltenders
Starting : Kari Lehtonen
Backup : Braden Holtby
Extra Forwards
Normal : Jason Akeson, Ryane Clowe, James Wright - PP : Jason Akeson, Ryane Clowe - PK : James Wright
Extra Defensemen
Normal : Jonathan Blum, Wiley Sherman, Seth Helgeson - PP : Jonathan Blum - PK : Wiley Sherman, Seth Helgeson
Penalty Shots
Robert Nilsson, Tyler Toffoli, Brandon Sutter, Loui Eriksson, Daniel Sedin
Scratches
Andy Rogers (Abdominal Strain Injury), Steve Eminger (Torn Left MCL Injury), Colton Gillies (Healthy)
Flyers
5 vs 5 Forward
Center Left Wing Right Wing Time % Phy DF OF
1 Jeff Carter J.T. Miller Jakub Voracek 40 1 2 2
2 Jordan Nolan Drew Miller Marcus Kruger 30 1 2 2
3 Erik Christensen Chris Mcallister Mats Zuccarello 20 1 2 2
4 Jeff Carter Brock Nelson Tyler Randell 10 1 2 2
5 vs 5 Defense
Defense Defense Time % Phy DF OF
1 Oliver Ekman-Larsson Jeff Woywitka 40 1 2 2
2 Jonathan Ericsson Matt Smaby 30 1 2 2
3 Nathan Beaulieu Brian Lashoff 20 1 2 2
4 Dylan Olsen Oliver Ekman-Larsson 10 1 2 2
PowerPlay Forward
Center Left Wing Right Wing Time % Phy DF OF
1 Jeff Carter J.T. Miller Jakub Voracek 60 1 2 2
2 Jordan Nolan Drew Miller Marcus Kruger 40 1 2 2
PowerPlay Defense
Defense Defense Time % Phy DF OF
1 Oliver Ekman-Larsson Jeff Woywitka 60 1 2 2
2 Jonathan Ericsson Matt Smaby 40 1 2 2
Penalty Kill 4 Players Forward
Center Wing Time % Phy DF OF
1 Jeff Carter J.T. Miller 60 1 2 2
2 Jordan Nolan Jakub Voracek 40 1 2 2
Penalty Kill 4 Players Defense
Defense Defense Time % Phy DF OF
1 Oliver Ekman-Larsson Jeff Woywitka 60 1 2 2
2 Jonathan Ericsson Matt Smaby 40 1 2 2
Penalty Kill - 3 Players Forward
Forward Time % Phy DF OF
1 Jeff Carter 60 1 2 2
2 J.T. Miller 40 1 2 2
Penalty Kill - 3 Players Defense
Defense Defense Time % Phy DF OF
1 Oliver Ekman-Larsson Jeff Woywitka 60 1 2 2
2 Jonathan Ericsson Matt Smaby 40 1 2 2
4 vs 4 Forward
Center Wing Time % Phy DF OF
1 Jeff Carter J.T. Miller 60 1 2 2
2 Jordan Nolan Jakub Voracek 40 1 2 2
4 vs 4 Defense
Defense Defense Time % Phy DF OF
1 Oliver Ekman-Larsson Jeff Woywitka 60 1 2 2
2 Jonathan Ericsson Matt Smaby 40 1 2 2
Last Minutes Offensive
Center Left Wing Right Wing Defense Defense
Jeff Carter J.T. Miller Jakub Voracek Oliver Ekman-Larsson Jeff Woywitka
Last Minutes Defensive
Center Left Wing Right Wing Defense Defense
Jeff Carter J.T. Miller Jakub Voracek Oliver Ekman-Larsson Jeff Woywitka
Goaltenders
Starting : Steve Mason
Backup : Ray Emery
Extra Forwards
Normal : Mats Zuccarello, Chris Mcallister, Erik Christensen - PP : Mats Zuccarello, Chris Mcallister - PK : Erik Christensen
Extra Defensemen
Normal : Nathan Beaulieu, Brian Lashoff, Dylan Olsen - PP : Nathan Beaulieu - PK : Brian Lashoff, Dylan Olsen
Penalty Shots
Jeff Carter, J.T. Miller, Jordan Nolan, Jakub Voracek, Drew Miller
Scratches
Matthew Lombardi (Healthy), Ryan Callahan (Healthy), Victor Bartley (Healthy), Ilya Sorokin (Healthy)
% Time on Ice - Canucks
Lines # - Real PCT - Wanted PCT - Time Play
Normal Forward
1 - 32% - 40% - 12:20
2 - 24% - 30% - 9:32
3 - 27% - 20% - 10:22
4 - 17% - 10% - 6:49
Normal Defense
1 - 40% - 40% - 15:33
2 - 30% - 30% - 11:50
3 - 26% - 20% - 9:59
4 - 4% - 10% - 1:41
PP Forward
1 - 63% - 60% - 6:41
2 - 37% - 40% - 3:53
PP Defense
1 - 72% - 60% - 7:34
2 - 28% - 40% - 3:00
PK Forward
1 - 71% - 60% - 7:21
2 - 29% - 40% - 3:02
PK Defense
1 - 61% - 60% - 6:22
2 - 39% - 40% - 4:01
PK3 Forward
1 - 0% - 60%
2 - 0% - 40%
PK3 Defense
1 - 0% - 60%
2 - 0% - 40%
44 Forward
1 - 0% - 60%
2 - 0% - 40%
44 Defense
1 - 0% - 60%
2 - 0% - 40%
Last Minute Offensive - 0:00
Last Minute Defensive - 0:00
Total
Forward - 60:00
Defense - 60:00
|
% Time on Ice - Flyers
Lines # - Real PCT - Wanted PCT - Time Play
Normal Forward
1 - 33% - 40% - 12:53
2 - 30% - 30% - 11:46
3 - 23% - 20% - 9:01
4 - 14% - 10% - 5:23
Normal Defense
1 - 41% - 40% - 15:55
2 - 26% - 30% - 10:13
3 - 28% - 20% - 10:47
4 - 5% - 10% - 2:08
PP Forward
1 - 57% - 60% - 5:53
2 - 43% - 40% - 4:30
PP Defense
1 - 61% - 60% - 6:21
2 - 39% - 40% - 4:02
PK Forward
1 - 93% - 60% - 8:18
2 - 7% - 40% - 0:40
PK Defense
1 - 58% - 60% - 5:10
2 - 42% - 40% - 3:48
PK3 Forward
1 - 100% - 60% - 1:36
2 - 0% - 40% - 0:00
PK3 Defense
1 - 67% - 60% - 1:04
2 - 33% - 40% - 0:32
44 Forward
1 - 0% - 60%
2 - 0% - 40%
44 Defense
1 - 0% - 60%
2 - 0% - 40%
Last Minute Offensive - 0:00
Last Minute Defensive - 0:00
Total
Forward - 60:00
Defense - 60:00
|
Play-by-Play
1st period
0:01 of 1st period - Jeff Carter wins face-off versus Robert Nilsson in neutral zone.
0:16 of 1st period - Snap shot by Tyler Toffoli.
0:16 of 1st period - Stopped by Steve Mason without a rebound.
0:17 of 1st period - Jordan Nolan wins face-off versus Brandon Sutter in Flyers zone.
1:08 of 1st period - Loui Eriksson is hit by Matt Smaby and loses puck.
1:12 of 1st period - Icing by Wiley Sherman.
1:13 of 1st period - Jeff Carter wins face-off versus Robert Nilsson in Canucks zone.
1:24 of 1st period - Snap shot by Loui Eriksson.
1:24 of 1st period - Stopped by Steve Mason without a rebound.
1:25 of 1st period - Sergey Kalinin wins face-off versus Jeff Carter in Flyers zone.
1:26 of 1st period - Wrist shot by Spencer Machacek.
1:26 of 1st period - Stopped by Steve Mason without a rebound.
1:27 of 1st period - Jeff Carter wins face-off versus Sergey Kalinin in Flyers zone.
1:42 of 1st period - Snap shot by Brock Nelson.
1:42 of 1st period - Shot Misses the Net.
2:17 of 1st period - Tyler Toffoli is hit by Mats Zuccarello and loses puck.
3:05 of 1st period - Wrist shot by Lane MacDermid.
3:05 of 1st period - Deflect By Spencer Machacek.
3:05 of 1st period - Shot Blocked by Dylan Olsen.
3:05 of 1st period - Puck is out of play.
3:06 of 1st period - Erik Christensen wins face-off versus Robert Nilsson in Flyers zone.
3:13 of 1st period - Slapshot by Tyler Toffoli.
3:13 of 1st period - Shot Misses the Net.
4:46 of 1st period - Wrist shot by Jeremy Morin.
4:46 of 1st period - Stopped by Steve Mason without a rebound.
4:47 of 1st period - Robert Nilsson wins face-off versus Jordan Nolan in Flyers zone.
4:50 of 1st period - Snap shot by Tyler Toffoli.
4:50 of 1st period - Deflect By Robert Nilsson.
4:50 of 1st period - Stopped by Steve Mason with a rebound.
4:52 of 1st period - Snap shot by Loui Eriksson.
4:52 of 1st period - Shot Misses the Net.
4:54 of 1st period - Slapshot by Seth Helgeson.
4:54 of 1st period - Stopped by Steve Mason with a rebound.
4:56 of 1st period - Slapshot by Mike Komisarek.
4:56 of 1st period - Stopped by Steve Mason without a rebound.
4:57 of 1st period - Jordan Nolan wins face-off versus Robert Nilsson in Flyers zone.
6:08 of 1st period - Wrist shot by Tyler Toffoli.
6:08 of 1st period - Stopped by Steve Mason with a rebound.
6:18 of 1st period - Slapshot by Tyler Toffoli.
6:18 of 1st period - Stopped by Steve Mason without a rebound.
6:19 of 1st period - James Wright wins face-off versus Jeff Carter in Flyers zone.
6:20 of 1st period - Snap shot by Jason Akeson.
6:20 of 1st period - Stopped by Steve Mason without a rebound.
6:21 of 1st period - Jeff Carter wins face-off versus James Wright in Flyers zone.
6:51 of 1st period - Minor Penalty to Spencer Machacek for Hooking.
6:52 of 1st period - Robert Nilsson wins face-off versus Jeff Carter in Canucks zone.
7:05 of 1st period - Snap shot by Jeff Carter.
7:05 of 1st period - Shot Blocked by Drew Fata.
8:04 of 1st period - Icing by J.T. Miller.
8:05 of 1st period - Jeff Carter wins face-off versus Robert Nilsson in Flyers zone.
8:51 of 1st period - Penalty to Spencer Machacek is over, Spencer Machacek is back on ice.
9:30 of 1st period - Sergey Kalinin is hit by Jeff Carter and loses puck.
9:37 of 1st period - Snap shot by Brock Nelson.
9:37 of 1st period - Stopped by Kari Lehtonen without a rebound.
9:38 of 1st period - Brandon Sutter wins face-off versus Jeff Carter in Canucks zone.
9:49 of 1st period - Snap shot by Brandon Sutter.
9:49 of 1st period - Stopped by Steve Mason without a rebound.
9:50 of 1st period - Robert Nilsson wins face-off versus Jeff Carter in Flyers zone.
10:42 of 1st period - Snap shot by Jeremy Morin.
10:42 of 1st period - Shot Misses the Net.
10:44 of 1st period - Snap shot by Jeremy Morin.
10:44 of 1st period - Shot Blocked by Drew Miller.
10:46 of 1st period - Snap shot by Brandon Sutter.
10:46 of 1st period - Stopped by Steve Mason with a rebound.
11:40 of 1st period - Snap shot by Marcus Kruger.
11:40 of 1st period - Deflect By Drew Miller.
11:40 of 1st period - Stopped by Kari Lehtonen without a rebound.
11:41 of 1st period - Drew Miller wins face-off versus James Wright in Canucks zone.
11:50 of 1st period - Wrist shot by Jordan Nolan.
11:50 of 1st period - Stopped by Kari Lehtonen with a rebound.
11:58 of 1st period - Snap shot by Drew Miller.
11:58 of 1st period - Shot Misses the Net.
12:47 of 1st period - Snap shot by Marcus Kruger.
12:47 of 1st period - Shot Blocked by Drew Fata.
13:04 of 1st period - Minor Penalty to Jason Akeson for Holding.
13:05 of 1st period - Robert Nilsson wins face-off versus Jeff Carter in Canucks zone.
13:31 of 1st period - Jeff Carter is hit by Robert Nilsson and loses puck.
14:02 of 1st period - Loui Eriksson is hit by Tyler Randell.
14:25 of 1st period - Jordan Nolan is hit by Brandon Sutter and loses puck.
15:04 of 1st period - Penalty to Jason Akeson is over, Jason Akeson is back on ice.
15:24 of 1st period - Wrist shot by James Wright.
15:24 of 1st period - Shot Misses the Net.
16:57 of 1st period - Icing by Seth Helgeson.
16:58 of 1st period - Loui Eriksson wins face-off versus Erik Christensen in Canucks zone.
17:03 of 1st period - Nathan Beaulieu is hit by Kurtis Foster and loses puck.
17:08 of 1st period - Wrist shot by Jeremy Morin.
17:08 of 1st period - Deflect By Daniel Sedin.
17:08 of 1st period - Stopped by Steve Mason with a rebound.
17:27 of 1st period - Sergey Kalinin is hit by Chris Mcallister and loses puck.
17:48 of 1st period - Robert Nilsson is hit by Oliver Ekman-Larsson and loses puck.
18:09 of 1st period - Snap shot by Marcus Kruger.
18:09 of 1st period - Shot Misses the Net.
18:11 of 1st period - Snap shot by Marcus Kruger.
18:11 of 1st period - Stopped by Kari Lehtonen without a rebound.
18:12 of 1st period - Jeff Carter wins face-off versus Robert Nilsson in Canucks zone.
18:21 of 1st period - Snap shot by J.T. Miller.
18:21 of 1st period - Shot Misses the Net.
18:23 of 1st period - Snap shot by J.T. Miller.
18:23 of 1st period - Stopped by Kari Lehtonen with a rebound.
18:25 of 1st period - Snap shot by J.T. Miller.
18:25 of 1st period - Deflect By Jakub Voracek.
18:25 of 1st period - Shot Misses the Net.
18:25 of 1st period - Puck is out of play.
18:26 of 1st period - Jeff Carter wins face-off versus Robert Nilsson in Canucks zone.
18:27 of 1st period - Snap shot by J.T. Miller.
18:27 of 1st period - Deflect By Jeff Carter.
18:27 of 1st period - Goal by Jeff Carter - Canucks : 0 - Flyers : 1.
18:28 of 1st period - Jeff Carter wins face-off versus Robert Nilsson in neutral zone.
18:33 of 1st period - Snap shot by Jeff Carter.
18:33 of 1st period - Shot Blocked by Kurtis Foster.
18:35 of 1st period - Snap shot by Jakub Voracek.
18:35 of 1st period - Shot Blocked by Tyler Toffoli.
18:37 of 1st period - Slapshot by Oliver Ekman-Larsson.
18:37 of 1st period - Stopped by Kari Lehtonen without a rebound.
18:38 of 1st period - Robert Nilsson wins face-off versus Jeff Carter in Canucks zone.
18:40 of 1st period - Minor Penalty to Kurtis Foster for Holding.
18:41 of 1st period - Robert Nilsson wins face-off versus Jeff Carter in Canucks zone.
19:13 of 1st period - Slapshot by Jordan Nolan.
19:13 of 1st period - Shot Misses the Net.
19:23 of 1st period - Snap shot by Drew Miller.
19:23 of 1st period - Stopped by Kari Lehtonen with a rebound.
Goals for this period are 0 for Canucks vs 1 for Flyers.
Shots for this period are 13 for Canucks vs 8 for Flyers.
2nd period
0:01 of 2nd period - Robert Nilsson wins face-off versus Jeff Carter in neutral zone.
0:09 of 2nd period - Icing by Jakub Voracek.
0:10 of 2nd period - Jeff Carter wins face-off versus Robert Nilsson in Flyers zone.
0:25 of 2nd period - Slapshot by Oliver Ekman-Larsson.
0:25 of 2nd period - Goal by Oliver Ekman-Larsson - Canucks : 0 - Flyers : 2.
0:26 of 2nd period - Robert Nilsson wins face-off versus Jeff Carter in neutral zone.
0:31 of 2nd period - Snap shot by Loui Eriksson.
0:31 of 2nd period - Shot Misses the Net.
0:33 of 2nd period - Snap shot by Robert Nilsson.
0:33 of 2nd period - Stopped by Steve Mason without a rebound.
0:34 of 2nd period - Robert Nilsson wins face-off versus Jeff Carter in Flyers zone.
1:04 of 2nd period - Icing by Oliver Ekman-Larsson.
1:05 of 2nd period - Daniel Sedin wins face-off versus Jeff Carter in Flyers zone.
1:21 of 2nd period - Slapshot by Brandon Sutter.
1:21 of 2nd period - Shot Misses the Net.
1:35 of 2nd period - Wrist shot by Drew Miller.
1:35 of 2nd period - Goal by Drew Miller - Canucks : 0 - Flyers : 3.
1:36 of 2nd period - Robert Nilsson wins face-off versus Jeff Carter in neutral zone.
1:38 of 2nd period - Off-side.
1:39 of 2nd period - Jeff Carter wins face-off versus Robert Nilsson in neutral zone.
1:42 of 2nd period - Drew Fata is hit by Jonathan Ericsson and loses puck.
2:05 of 2nd period - Snap shot by Jordan Nolan.
2:05 of 2nd period - Shot Misses the Net.
2:27 of 2nd period - Slapshot by James Wright.
2:27 of 2nd period - Shot Blocked by Matt Smaby.
2:35 of 2nd period - Snap shot by Ryane Clowe.
2:35 of 2nd period - Shot Misses the Net.
2:53 of 2nd period - Slapshot by Jeff Carter.
2:53 of 2nd period - Shot Misses the Net.
3:17 of 2nd period - Wrist shot by Robert Nilsson.
3:17 of 2nd period - Shot Misses the Net.
3:19 of 2nd period - Snap shot by Loui Eriksson.
3:19 of 2nd period - Stopped by Steve Mason with a rebound.
4:08 of 2nd period - Wrist shot by Oliver Ekman-Larsson.
4:08 of 2nd period - Shot Misses the Net.
4:10 of 2nd period - Wrist shot by Brock Nelson.
4:10 of 2nd period - Stopped by Kari Lehtonen with a rebound.
4:20 of 2nd period - Kurtis Foster is hit by Jordan Nolan and loses puck.
4:32 of 2nd period - Minor Penalty to Erik Christensen for Interference.
4:33 of 2nd period - Jeff Carter wins face-off versus Robert Nilsson in Flyers zone.
4:55 of 2nd period - Minor Penalty to Jeff Carter for Interference.
4:56 of 2nd period - Jordan Nolan wins face-off versus Robert Nilsson in Flyers zone.
5:10 of 2nd period - Icing by Drew Fata.
5:11 of 2nd period - Jordan Nolan wins face-off versus Robert Nilsson in Canucks zone.
5:53 of 2nd period - Jeff Woywitka is hit by Loui Eriksson and loses puck.
6:32 of 2nd period - Penalty to Erik Christensen is over, Erik Christensen is back on ice.
6:33 of 2nd period - Wrist shot by Drew Fata.
6:33 of 2nd period - Stopped by Steve Mason without a rebound.
6:34 of 2nd period - Brandon Sutter wins face-off versus Erik Christensen in Flyers zone.
6:55 of 2nd period - Penalty to Jeff Carter is over, Jeff Carter is back on ice.
7:06 of 2nd period - Matt Smaby is hit by Sergey Kalinin.
7:14 of 2nd period - J.T. Miller is hit by Spencer Machacek and loses puck.
7:29 of 2nd period - Wrist shot by Jason Akeson.
7:29 of 2nd period - Stopped by Steve Mason with a rebound.
7:31 of 2nd period - Snap shot by Ryane Clowe.
7:31 of 2nd period - Shot Hit the Post.
7:52 of 2nd period - Minor Penalty to Daniel Sedin for Hooking.
7:53 of 2nd period - Jordan Nolan wins face-off versus Robert Nilsson in Canucks zone.
8:09 of 2nd period - Backhand shot by Drew Miller.
8:09 of 2nd period - Shot Misses the Net.
8:24 of 2nd period - Snap shot by J.T. Miller.
8:24 of 2nd period - Shot Misses the Net.
9:52 of 2nd period - Penalty to Daniel Sedin is over, Daniel Sedin is back on ice.
10:28 of 2nd period - Nathan Beaulieu is hit by Sergey Kalinin and loses puck.
10:44 of 2nd period - Icing by Brandon Sutter.
10:45 of 2nd period - Daniel Sedin wins face-off versus Jeff Carter in Canucks zone.
11:12 of 2nd period - Wrist shot by Robert Nilsson.
11:12 of 2nd period - Shot Misses the Net.
11:14 of 2nd period - Slapshot by Jonathan Blum.
11:14 of 2nd period - Deflect By Loui Eriksson.
11:14 of 2nd period - Stopped by Steve Mason with a rebound.
11:32 of 2nd period - Snap shot by Drew Miller.
11:32 of 2nd period - Shot Misses the Net.
11:34 of 2nd period - Slapshot by Oliver Ekman-Larsson.
11:34 of 2nd period - Deflect By Jordan Nolan.
11:34 of 2nd period - Shot Misses the Net.
11:34 of 2nd period - Puck is out of play.
11:35 of 2nd period - Brandon Sutter wins face-off versus Jeff Carter in Canucks zone.
11:35 of 2nd period - Brandon Sutter is hit by Jonathan Ericsson.
11:41 of 2nd period - Snap shot by Brandon Sutter.
11:41 of 2nd period - Shot Misses the Net.
11:47 of 2nd period - Slapshot by Brandon Sutter.
11:47 of 2nd period - Shot Blocked by Matt Smaby.
11:49 of 2nd period - Wrist shot by Daniel Sedin.
11:49 of 2nd period - Shot Blocked by J.T. Miller.
11:57 of 2nd period - Minor Penalty to J.T. Miller for Roughing.
11:58 of 2nd period - Erik Christensen wins face-off versus Robert Nilsson in Flyers zone.
12:09 of 2nd period - Slapshot by Drew Fata.
12:09 of 2nd period - Deflect By Robert Nilsson.
12:09 of 2nd period - Shot Misses the Net.
12:09 of 2nd period - Puck is out of play.
12:10 of 2nd period - Robert Nilsson wins face-off versus Jeff Carter in Flyers zone.
12:13 of 2nd period - Snap shot by Tyler Toffoli.
12:13 of 2nd period - Stopped by Steve Mason without a rebound.
12:14 of 2nd period - Jeff Carter wins face-off versus Robert Nilsson in Flyers zone.
12:25 of 2nd period - Oliver Ekman-Larsson is hit by Tyler Toffoli and loses puck.
12:52 of 2nd period - Jeff Carter is hit by Brandon Sutter and loses puck.
13:37 of 2nd period - Brandon Sutter is hit by Jeff Carter and loses puck.
13:57 of 2nd period - Penalty to J.T. Miller is over, J.T. Miller is back on ice.
15:48 of 2nd period - Jeff Woywitka is hit by Seth Helgeson.
16:06 of 2nd period - Drew Miller is hit by Mike Komisarek and loses puck.
16:23 of 2nd period - Jason Akeson is hit by J.T. Miller and loses puck.
16:37 of 2nd period - Off-side.
16:38 of 2nd period - Robert Nilsson wins face-off versus Erik Christensen in neutral zone.
16:46 of 2nd period - Snap shot by Robert Nilsson.
16:46 of 2nd period - Shot Misses the Net.
16:48 of 2nd period - Slapshot by Mike Komisarek.
16:48 of 2nd period - Deflect By Robert Nilsson.
16:48 of 2nd period - Shot Misses the Net.
16:48 of 2nd period - Puck is out of play.
16:49 of 2nd period - Robert Nilsson wins face-off versus Jeff Carter in Flyers zone.
16:58 of 2nd period - Drew Fata is hit by Oliver Ekman-Larsson and loses puck.
17:42 of 2nd period - Snap shot by Ryane Clowe.
17:42 of 2nd period - Stopped by Steve Mason without a rebound.
17:43 of 2nd period - Jeff Carter wins face-off versus Robert Nilsson in Flyers zone.
18:05 of 2nd period - Icing by Robert Nilsson.
18:06 of 2nd period - Marcus Kruger wins face-off versus Brandon Sutter in Canucks zone.
18:07 of 2nd period - Snap shot by Jordan Nolan.
18:07 of 2nd period - Deflect By Drew Miller.
18:07 of 2nd period - Shot Misses the Net.
18:07 of 2nd period - Puck is out of play.
18:08 of 2nd period - Brandon Sutter wins face-off versus Jordan Nolan in Canucks zone.
18:15 of 2nd period - Slapshot by Drew Fata.
18:15 of 2nd period - Shot Blocked by Nathan Beaulieu.
18:25 of 2nd period - Slapshot by Marcus Kruger.
18:25 of 2nd period - Shot Misses the Net.
18:42 of 2nd period - Tyler Toffoli is hit by Nathan Beaulieu and loses puck.
19:02 of 2nd period - Wrist shot by Chris Mcallister.
19:02 of 2nd period - Stopped by Kari Lehtonen with a rebound.
19:04 of 2nd period - Slapshot by Nathan Beaulieu.
19:04 of 2nd period - Stopped by Kari Lehtonen without a rebound.
19:05 of 2nd period - Erik Christensen wins face-off versus James Wright in Canucks zone.
19:19 of 2nd period - Snap shot by Chris Mcallister.
19:19 of 2nd period - Stopped by Kari Lehtonen without a rebound.
19:20 of 2nd period - Jeff Carter wins face-off versus Loui Eriksson in Canucks zone.
19:26 of 2nd period - Slapshot by Jeff Woywitka.
19:26 of 2nd period - Deflect By Drew Fata.
19:26 of 2nd period - Stopped by Kari Lehtonen without a rebound.
19:27 of 2nd period - Robert Nilsson wins face-off versus Jeff Carter in Canucks zone.
Goals for this period are 0 for Canucks vs 2 for Flyers.
Shots for this period are 7 for Canucks vs 7 for Flyers.
3rd period
0:01 of 3rd period - Robert Nilsson wins face-off versus Jeff Carter in neutral zone.
0:10 of 3rd period - Snap shot by Robert Nilsson.
0:10 of 3rd period - Stopped by Steve Mason with a rebound.
0:14 of 3rd period - Wrist shot by Robert Nilsson.
0:14 of 3rd period - Stopped by Steve Mason with a rebound.
0:16 of 3rd period - Snap shot by Tyler Toffoli.
0:16 of 3rd period - Shot Misses the Net.
0:22 of 3rd period - Minor Penalty to Oliver Ekman-Larsson for Tripping.
0:23 of 3rd period - Robert Nilsson wins face-off versus Jeff Carter in Flyers zone.
0:32 of 3rd period - Snap shot by Robert Nilsson.
0:32 of 3rd period - Stopped by Steve Mason without a rebound.
0:33 of 3rd period - Robert Nilsson wins face-off versus Jeff Carter in Flyers zone.
0:38 of 3rd period - Wrist shot by Robert Nilsson.
0:38 of 3rd period - Goal by Robert Nilsson - Canucks : 1 - Flyers : 3.
0:39 of 3rd period - Robert Nilsson wins face-off versus Jeff Carter in neutral zone.
0:45 of 3rd period - Off-side.
0:46 of 3rd period - Robert Nilsson wins face-off versus Jeff Carter in neutral zone.
0:57 of 3rd period - Snap shot by J.T. Miller.
0:57 of 3rd period - Stopped by Kari Lehtonen without a rebound.
0:58 of 3rd period - Robert Nilsson wins face-off versus J.T. Miller in Canucks zone.
0:58 of 3rd period - Robert Nilsson is hit by Jakub Voracek.
1:08 of 3rd period - Snap shot by Robert Nilsson.
1:08 of 3rd period - Shot Misses the Net.
1:10 of 3rd period - Wrist shot by Kurtis Foster.
1:10 of 3rd period - Deflect By Loui Eriksson.
1:10 of 3rd period - Stopped by Steve Mason with a rebound.
1:12 of 3rd period - Wrist shot by Robert Nilsson.
1:12 of 3rd period - Stopped by Steve Mason without a rebound.
1:13 of 3rd period - Brandon Sutter wins face-off versus Jeff Carter in Flyers zone.
1:14 of 3rd period - Snap shot by Jeremy Morin.
1:14 of 3rd period - Stopped by Steve Mason without a rebound.
1:15 of 3rd period - Brandon Sutter wins face-off versus Jeff Carter in Flyers zone.
1:16 of 3rd period - Wrist shot by Jeremy Morin.
1:16 of 3rd period - Stopped by Steve Mason with a rebound.
1:18 of 3rd period - Minor Penalty to Jeff Carter for High sticking.
1:19 of 3rd period - Robert Nilsson wins face-off versus Erik Christensen in Flyers zone.
2:05 of 3rd period - Jonathan Ericsson is hit by Daniel Sedin and loses puck.
3:18 of 3rd period - Penalty to Jeff Carter is over, Jeff Carter is back on ice.
3:44 of 3rd period - Snap shot by Jeff Carter.
3:44 of 3rd period - Stopped by Kari Lehtonen with a rebound.
3:48 of 3rd period - Wrist shot by Jeff Carter.
3:48 of 3rd period - Shot Misses the Net.
3:50 of 3rd period - Wrist shot by Brock Nelson.
3:50 of 3rd period - Shot Misses the Net.
3:52 of 3rd period - Slapshot by Brock Nelson.
3:52 of 3rd period - Shot Misses the Net.
3:54 of 3rd period - Wrist shot by Erik Christensen.
3:54 of 3rd period - Shot Misses the Net.
3:56 of 3rd period - Snap shot by Dylan Olsen.
3:56 of 3rd period - Deflect By Seth Helgeson.
3:56 of 3rd period - Goal by Dylan Olsen - Canucks : 1 - Flyers : 4.
3:56 of 3rd period - Braden Holtby enters game.
3:57 of 3rd period - Robert Nilsson wins face-off versus Jordan Nolan in neutral zone.
3:59 of 3rd period - Minor Penalty to Loui Eriksson for Hooking.
4:00 of 3rd period - Jeff Carter wins face-off versus Robert Nilsson in Canucks zone.
4:32 of 3rd period - Wrist shot by Jordan Nolan.
4:32 of 3rd period - Stopped by Braden Holtby without a rebound.
4:33 of 3rd period - Robert Nilsson wins face-off versus Jordan Nolan in Canucks zone.
4:49 of 3rd period - Slapshot by Matt Smaby.
4:49 of 3rd period - Shot Misses the Net.
4:51 of 3rd period - Slapshot by Jonathan Ericsson.
4:51 of 3rd period - Shot Blocked by James Wright.
4:53 of 3rd period - Snap shot by Jordan Nolan.
4:53 of 3rd period - Stopped by Braden Holtby with a rebound.
5:21 of 3rd period - Slapshot by Jeff Carter.
5:21 of 3rd period - Shot Misses the Net.
5:23 of 3rd period - Slapshot by Matt Smaby.
5:23 of 3rd period - Deflect By Jeff Carter.
5:23 of 3rd period - Shot Blocked by Kurtis Foster.
5:23 of 3rd period - Puck is out of play.
5:24 of 3rd period - Jeff Carter wins face-off versus Robert Nilsson in Canucks zone.
5:59 of 3rd period - Penalty to Loui Eriksson is over, Loui Eriksson is back on ice.
6:31 of 3rd period - Snap shot by Drew Miller.
6:31 of 3rd period - Shot Blocked by Drew Fata.
6:33 of 3rd period - Wrist shot by Marcus Kruger.
6:33 of 3rd period - Stopped by Braden Holtby without a rebound.
6:34 of 3rd period - Brandon Sutter wins face-off versus Jordan Nolan in Canucks zone.
6:44 of 3rd period - Icing by Daniel Sedin.
6:45 of 3rd period - Jeff Carter wins face-off versus Brandon Sutter in Canucks zone.
7:04 of 3rd period - Wrist shot by Daniel Sedin.
7:04 of 3rd period - Stopped by Steve Mason without a rebound.
7:05 of 3rd period - Robert Nilsson wins face-off versus Jordan Nolan in Flyers zone.
7:10 of 3rd period - Wrist shot by Loui Eriksson.
7:10 of 3rd period - Stopped by Steve Mason with a rebound.
7:29 of 3rd period - Icing by Kurtis Foster.
7:30 of 3rd period - Tyler Toffoli wins face-off versus Jeff Carter in Canucks zone.
7:40 of 3rd period - Off-side.
7:41 of 3rd period - Jeff Carter wins face-off versus Robert Nilsson in neutral zone.
7:58 of 3rd period - Snap shot by Jakub Voracek.
7:58 of 3rd period - Shot Misses the Net.
8:47 of 3rd period - Minor Penalty to Jeff Woywitka for Roughing.
8:48 of 3rd period - Jeff Carter wins face-off versus Robert Nilsson in Flyers zone.
9:26 of 3rd period - Slapshot by Drew Fata.
9:26 of 3rd period - Stopped by Steve Mason with a rebound.
9:28 of 3rd period - Snap shot by Daniel Sedin.
9:28 of 3rd period - Shot Blocked by Brian Lashoff.
9:30 of 3rd period - Slapshot by Drew Fata.
9:30 of 3rd period - Deflect By Jeremy Morin.
9:30 of 3rd period - Stopped by Steve Mason with a rebound.
10:47 of 3rd period - Penalty to Jeff Woywitka is over, Jeff Woywitka is back on ice.
10:52 of 3rd period - Slapshot by Drew Fata.
10:52 of 3rd period - Shot Blocked by Dylan Olsen.
10:54 of 3rd period - Wrist shot by Jason Akeson.
10:54 of 3rd period - Stopped by Steve Mason with a rebound.
11:16 of 3rd period - Snap shot by Mats Zuccarello.
11:16 of 3rd period - Shot Misses the Net.
12:10 of 3rd period - Icing by Wiley Sherman.
12:11 of 3rd period - Brandon Sutter wins face-off versus Jeff Carter in Canucks zone.
12:22 of 3rd period - Tyler Randell is hit by Jeremy Morin and loses puck.
13:03 of 3rd period - Wrist shot by Chris Mcallister.
13:03 of 3rd period - Stopped by Braden Holtby with a rebound.
13:05 of 3rd period - Snap shot by Chris Mcallister.
13:05 of 3rd period - Stopped by Braden Holtby without a rebound.
13:06 of 3rd period - Erik Christensen wins face-off versus Robert Nilsson in Canucks zone.
13:23 of 3rd period - Mats Zuccarello is hit by Loui Eriksson and loses puck.
14:05 of 3rd period - Drew Fata is hit by Jakub Voracek and loses puck.
14:33 of 3rd period - Minor Penalty to Seth Helgeson for High sticking.
14:34 of 3rd period - Robert Nilsson wins face-off versus Jordan Nolan in Canucks zone.
14:51 of 3rd period - Wrist shot by Tyler Toffoli.
14:51 of 3rd period - Goal by Tyler Toffoli - Canucks : 2 - Flyers : 4.
14:52 of 3rd period - Jeff Carter wins face-off versus Robert Nilsson in neutral zone.
15:09 of 3rd period - Wrist shot by Jakub Voracek.
15:09 of 3rd period - Stopped by Braden Holtby without a rebound.
15:10 of 3rd period - Jordan Nolan wins face-off versus Robert Nilsson in Canucks zone.
15:15 of 3rd period - Wrist shot by Drew Miller.
15:15 of 3rd period - Deflect By Marcus Kruger.
15:15 of 3rd period - Goal by Marcus Kruger - Canucks : 2 - Flyers : 5.
15:16 of 3rd period - Jeff Carter wins face-off versus Robert Nilsson in neutral zone.
15:16 of 3rd period - Minor Penalty to Jeff Carter for Roughing.
15:17 of 3rd period - Erik Christensen wins face-off versus Robert Nilsson in Flyers zone.
15:30 of 3rd period - Snap shot by Tyler Toffoli.
15:30 of 3rd period - Deflect By Robert Nilsson.
15:30 of 3rd period - Shot Misses the Net.
15:30 of 3rd period - Puck is out of play.
15:31 of 3rd period - Robert Nilsson wins face-off versus Erik Christensen in Flyers zone.
15:36 of 3rd period - Snap shot by Loui Eriksson.
15:36 of 3rd period - Deflect By Tyler Toffoli.
15:36 of 3rd period - Stopped by Steve Mason with a rebound.
16:22 of 3rd period - Backhand shot by Jordan Nolan.
16:22 of 3rd period - Shot Misses the Net.
17:16 of 3rd period - Penalty to Jeff Carter is over, Jeff Carter is back on ice.
18:26 of 3rd period - Jonathan Blum is hit by Chris Mcallister and loses puck.
19:03 of 3rd period - Spencer Machacek is hit by Brock Nelson and loses puck.
19:39 of 3rd period - Off-side.
19:40 of 3rd period - Jeff Carter wins face-off versus James Wright in neutral zone.
19:52 of 3rd period - Wrist shot by Jason Akeson.
19:52 of 3rd period - Shot Misses the Net.
19:54 of 3rd period - Wrist shot by Mike Komisarek.
19:54 of 3rd period - Stopped by Steve Mason without a rebound.
19:55 of 3rd period - Robert Nilsson wins face-off versus Jordan Nolan in Flyers zone.
Goals for this period are 2 for Canucks vs 2 for Flyers.
Shots for this period are 16 for Canucks vs 10 for Flyers.